 Dungeon Crawl Stone Soup version 0.20-a0-259-gc929cd2 (webtiles) character file.

25 provincialny the Magician (level 2, -3/19 HPs)
             Began as a Mummy Wizard on Dec 3, 2016.
             Slain by an adder (4 damage)
             ... on level 1 of the Dungeon.
             The game lasted 00:02:17 (1095 turns).

provincialny the Magician (Mummy Wizard)            Turns: 1095, Time: 00:02:17

Health: -3/19      AC:  2    Str: 10    XL:     2   Next: 86%
Magic:  0/6        EV: 12    Int: 17    God:
Gold:   66         SH:  0    Dex: 10    Spells: 4/7 levels left

rFire  x . .     SeeInvis .     g - +0 dagger
rCold  + . .     Gourm    .     a - +0 robe
rNeg   + + +     Faith    .     (no shield)
rPois  ∞         Spirit   .     b - +0 hat
rElec  .         Reflect  .     (no cloak)
rCorr  .         Harm     .     (no gloves)
MR     .....                    (no boots)
Stlth  ++........               (no amulet)
                                (no ring)
                                (no ring)

@: repel missiles
A: no food or potions, fire vulnerability, cold resistance 1, negative energy
resistance 3, torment resistance, unbreathing
a: no special abilities


You were on level 1 of the Dungeon.
You were not hungry.

You visited 1 branch of the dungeon, and saw 2 of its levels.

You collected 66 gold pieces.


Innate Abilities, Weirdness & Mutations

You do not eat or drink.
Your flesh is vulnerable to fire.
You are immune to poison.
Your flesh is cold resistant. (rC+)
You are immune to negative energy. (rN+++)
You are immune to unholy pain and torment.
You can survive without breathing.


   Skills:
 - Level 1.5 Dodging
 - Level 1.5 Stealth
 - Level 3.0 Spellcasting
 + Level 2.3 Conjurations
   Level 0.7 Summonings
   Level 0.7 Translocations


You had 4 spell levels left.
You knew the following spells:

 Your Spells              Type           Power        Failure   Level  Hunger
a - Magic Dart            Conj           ##..         10%         1    N/A
A - Repel Missiles        Chrm/Air       #.....       30%         2    N/A

Inventory:

Hand Weapons
 g - a +0 dagger (weapon)
Missiles
 e - 47 stones (quivered)
 f - 38 poisoned needles
Armour
 a - a +0 robe (worn)
 b - a +0 hat (worn)
Scrolls
 d - a scroll of identify {unknown}
Books
 c - a book of Minor Magic

   Spells                             Type                      Level
   a - Magic Dart                     Conjuration                  1
   b - Blink                          Translocation                2
   c - Call Imp                       Summoning                    2
   d - Repel Missiles                 Charms/Air                   2
   e - Slow                           Hexes                        2
   f - Conjure Flame                  Conjuration/Fire             3
   g - Mephitic Cloud                 Conjuration/Poison/Air       3

Dungeon Overview and Level Annotations

Branches:
Dungeon (2/15)

Altars:

##.### .#...##
.###..########## .#
##..........#
.#############.#
......### #.###
#####...# ###...#
#######.####%....###
....>..........S@..#
#######.###.....##.#
#.####....##.# #..#
#..####.## ##.###.##
##..### #..##.#
#.....#
#####.#..####.#####
#####....%........#
.....!###..########


You could see an adder.


Message History

You completely miss the adder.
The adder is heavily wounded.
The adder bites you.
* * * LOW HITPOINT WARNING * * *
You closely miss the adder.
The adder is heavily wounded.
The adder bites you.
* * * LOW HITPOINT WARNING * * *
You are too injured to fight recklessly!
Aiming: Magic Dart
Aim: an adder (heavily wounded)
The magic dart hits the adder.
The adder is heavily wounded.
The adder bites you but does no damage. The adder completely misses you.
You don't have enough magic to cast that spell.
You don't have enough magic to cast that spell.
You are too injured to fight recklessly!
You are too injured to fight recklessly!
The adder bites you.
* * * LOW HITPOINT WARNING * * *
The adder closely misses you.
Aiming: Magic Dart
Aim: an adder (heavily wounded)
The magic dart hits the adder.
The adder is severely wounded.
The adder bites you.
* * * LOW HITPOINT WARNING * * *
The adder closely misses you. The adder bites you.
You die...

Action                   || total
-------------------------++-------
Melee: Dagger            ||    14
 Cast: Magic Dart        ||    42
       Repel Missiles    ||     1
Armor: Robe              ||     7
Dodge: Dodged            ||    11

Vault maps used:
D:1:      minmay_arrival_plants_in_alcoves, serial_curves, eino_curves_01,
          eino_curves_02, moated_statue
D:2:      gammafunk_temple_overflow_elements, first_bread

Notes
Turn   | Place    | Note
-------+----------+-------------------------------------------
     0 | D:1      | provincialny the Mummy Wizard began the quest for the Orb.
     0 | D:1      | Reached XP level 1. HP: 13/13 MP: 4/4
   157 | D:1      | Reached skill level 1 in Conjurations
   465 | D:1      | Reached XP level 2. HP: 14/19 MP: 0/6
   491 | D:1      | Reached skill level 2 in Conjurations
   652 | D:1      | Learned a level 2 spell: Repel Missiles
  1089 | D:1      | HP: 1/19 [adder (1)]
  1095 | D:1      | Slain by an adder

Vanquished Creatures
  An adder (D:1)
  A dart slug (D:1)
  A leopard gecko (D:1)
  A bat (D:1)
  2 giant cockroaches (D:1)
  A hobgoblin (D:1)
  A jackal (D:2)
  2 frilled lizards (D:1)
  A kobold (D:1)
  4 rats (D:1)
15 creatures vanquished.
